 Dungeon Crawl Stone Soup version 0.31-a0-1009-g454b1f1e0a (webtiles) character file.

Game seed: 11206096087373808976

777 Chiseanne the Covert (level 7, -2/33 HPs)
             Began as a Spriggan Brigand on Nov 14, 2023.
             Killed from afar by an orc wizard (5 damage)
             ... with a magic dart
             ... on level 6 of the Dungeon.
             The game lasted 00:12:57 (3659 turns).

Chiseanne the Covert (Spriggan Brigand)             Turns: 3659, Time: 00:12:58

Health: -2/33      AC:  4    Str:  9    XL:     7   Next: 54%
Magic:  8/8        EV: 20    Int: 12    God:
Gold:   173        SH:  0    Dex: 17    Spells: 6/6 levels left

rFire   . . .        a - +2 dagger (chaos)
rCold   . . .        (no shield)
rNeg    . . .        b - +0 robe
rPois   .            (helmet restricted)
rElec   .            c - +1 cloak
rCorr   .            (gloves unavailable)
SInv    +            (boots unavailable)
Will    +....        j - amulet of regeneration
Stlth   +++++        (no ring)
HPRegen 1.05/turn    (no ring)
MPRegen 0.11/turn

%: no passive effects
@: lethally poisoned (-2 -> -2), marked, very quick
A: very small, no large weapons, unfitting armour, see invisible, speed 3
a: no special abilities


You were on level 6 of the Dungeon.
You visited 2 branches of the dungeon, and saw 8 of its levels.

You collected 173 gold pieces.

Inventory:

Hand Weapons
 a - a +2 dagger of chaos (weapon)
 h - a +0 rapier
 i - a +0 rapier
 o - a +3 whip
Missiles
 d - 8 poisoned darts (quivered)
 e - 3 curare-tipped darts
 f - 30 stones
 l - 2 boomerangs
Armour
 b - a +0 robe (worn)
 c - a +1 cloak (worn)
Jewellery
 j - an amulet of regeneration (around neck)
Talismans
 n - a maw talisman
Wands
 k - a wand of paralysis (6)
Scrolls
 q - a scroll of amnesia {unknown}
 r - a scroll of identify
Potions
 g - 4 potions of heal wounds
 m - a potion of ambrosia {unknown}
 p - 2 potions of brilliance {unknown}


   Skills:
 - Level 1.5 Fighting
 - Level 2.1 Short Blades
 - Level 2.0 Throwing
 + Level 6.4 Dodging
 * Level 12.1 Stealth


You had 6 spell levels left.
You didn't know any spells.
Your spell library contained the following spells:

 Spells                   Type           Power      Damage    Failure   Level
 Necrotise                Necr           0%         1d4       32%         1
 Inner Flame              Hex/Fire       0%         N/A       69%         3
 Vampiric Draining        Necr           0%         2d6       69%         3
 Flame Wave               Conj/Fire      0%         2d4       97%         4
 Sticky Flame             Conj/Fire      0%         2d3       97%         4
 Agony                    Necr           0%         N/A       100%        5


Dungeon Overview and Level Annotations

Branches:
Dungeon (7/15)             Temple (1/1) D:6

Altars:
Elyvilon
Hepliaklqana
Kikubaaqudgha
Nemelex Xobeh
Okawaru
Ru
Sif Muna
Wu Jian
Xom
The Shining One

Shops:
D:1 [

Annotations:
D:4 Ijyb


Innate Abilities, Weirdness & Mutations

You are very small and have problems with some larger weapons.
You are too small for most types of armour.
You have supernaturally acute eyesight. (SInv)
You cover ground extremely quickly. (Speed+++)


Message History

You closely miss the orc wizard.
The orc wizard is moderately wounded.
The water moccasin bites you! The orc wizard misses you.
You closely miss the orc wizard.
The orc wizard is moderately wounded.
The water moccasin misses you. The orc wizard completely misses you.
The water moccasin misses you.
You barely miss the orc wizard.
The orc wizard is heavily wounded.
An orc priest comes into view. It is wielding a +2 heavy hand axe.
The water moccasin closely misses you. The orc wizard barely misses you.
You miss the orc wizard.
The orc wizard is heavily wounded.
The water moccasin bites you.
You are poisoned.
The water moccasin poisons you!
An orc priest comes into view. It is wielding a +0 dagger.
The orc wizard barely misses you.
You barely miss the orc wizard.
The orc wizard is heavily wounded.
You feel sick. The water moccasin bites you.
The orc wizard points at you and mumbles some strange words.
The puff of flame hits you!
A wight comes into view. It is wielding a +3 great sword.
You closely miss the orc wizard.
The orc wizard is severely wounded.
You feel sick. The water moccasin bites you.
* * * LOW HITPOINT WARNING * * *
The orc wizard barely misses you. The water moccasin bites you.
* * * LOW HITPOINT WARNING * * *
You completely miss the orc wizard.
The orc wizard is severely wounded.
You feel sick.
The water moccasin completely misses you.
You feel sick.
The hound stops to sniff the ground.
The orc priest misses you. The orc wizard casts a spell at you.
The magic dart hits you.
You die...

###.........#
..........# ..
.......W.#### #..
.....##.....# #...
#### #.zz...#
#...# ####W#....#
#....# #oSh.#....#
#.....##.####....#
##..@o####....#
#...>o..........
#......###....#..
#......# ....#..
#......# #......#
####.... #.....
#......


You could see a water moccasin, a phantom, a hound, 2 wights, 2 orc priests and
an orc wizard (very poisoned).

Vanquished Creatures
  Eustachio (D:4)
  A bullfrog (D:7)
  3 scorpions
  2 hounds
  A jelly (Temple)
  3 iguanas
  An orc wizard (D:4)
  8 adders
  A gnoll (D:4)
  A shadow imp (D:5)
  A white imp (D:7)
  A worm (D:4)
  2 dart slugs
  16 orcs
  9 bats
  8 endoplasms
  2 giant cockroaches
  7 goblins
  6 hobgoblins
  2 jackals (D:5)
  5 quokkas
  8 ball pythons
  4 frilled lizards
  9 kobolds
  5 rats
107 creatures vanquished.

Vanquished Creatures (others)
  A human (D:3)
  A rat zombie (D:3)
2 creatures vanquished.

Grand Total: 109 creatures vanquished

Notes
Turn   | Place    | Note
-------+----------+-------------------------------------------
     0 | D:1      | Chiseanne the Spriggan Brigand began the quest for the Orb.
     0 | D:1      | Reached XP level 1. HP: 10/10 MP: 2/2
    35 | D:1      | Reached skill level 6 in Stealth
    91 | D:1      | Reached XP level 2. HP: 14/14 MP: 3/3
   108 | D:1      | Chiseanne: the whole gamedevelopement is so fucked up
   733 | D:1      | Reached skill level 7 in Stealth
   796 | D:1      | Reached XP level 3. HP: 18/18 MP: 4/4
   949 | D:1      | Found Katzao's Antique Armour Boutique.
  1166 | D:2      | Chiseanne: FUCK YOU!
  1270 | D:2      | Reached XP level 4. HP: 13/22 MP: 5/5
  1558 | D:2      | Reached skill level 8 in Stealth
  1787 | D:3      | Noticed a phantom
  1832 | D:3      | Found an ancient bone altar of Kikubaaqudgha.
  1834 | D:3      | Noticed a human
  1865 | D:3      | Killed a human
  2327 | D:4      | Reached XP level 5. HP: 22/25 MP: 6/6
  2357 | D:4      | Noticed Eustachio
  2390 | D:4      | Killed Eustachio
  2391 | D:4      | Reached skill level 9 in Stealth
  2391 | D:4      | Reached XP level 6. HP: 18/30 MP: 7/7
  2650 | D:4      | Reached skill level 10 in Stealth
  2753 | D:4      | Reached skill level 5 in Dodging
  2918 | D:4      | Reached skill level 11 in Stealth
  2918 | D:4      | Reached XP level 7. HP: 33/33 MP: 8/8
  2957 | D:4      | Noticed Ijyb
  3040 | D:5      | Entered Level 5 of the Dungeon
  3301 | D:5      | Chiseanne: always the same shit...you dont hit until they
                  | are all gathered around you..fuck off..anti player biased
                  | bullshit
  3365 | D:6      | Found a staircase to the Ecumenical Temple.
  3378 | Temple   | Entered the Ecumenical Temple
  3486 | D:7      | Chiseanne: and of course sneak never works really..great
                  | game! no really!
  3621 | D:7      | Reached skill level 12 in Stealth
  3640 | D:6      | Found an ornate altar of the Wu Jian Council.
  3659 | D:6      | Killed from afar by an orc wizard

Illustrated notes

Levels and vault maps discovered:
D:1:      evilmike_arrival_crescent, layout_basic, serial_shops, shop
D:2:      layout_basic
D:3:      layout_basic, tgw_kikubaaqudgha, grunt_ministairs_15
D:4:      minmay_bubble_buster, layout_basic, kennysheep_generic_room_11,
          uniq_eustachio, uniq_ijyb
D:5:      layout_basic, uniq_blork_the_orc
D:6:      layout_basic, mainiacjoe_overflow_catwalk,
          mainiacjoe_overflow_tiny_flanked, minmay_temple_entry_stoned_glass,
          uniq_pikel, uniq_crazy_yiuf_cottage, uniq_duvessa, uniq_maggie
D:7:      wander_river, layout_gridville, minmay_overflow_temple_hex,
          mainiacjoe_overflow_brackets, zin_scriptorium, hangedman_glass_teeth,
          uniq_joseph
Temple:   nicolae_temple_two_arcs

Skill      XL: |  1  2  3  4  5  6  7 |
---------------+----------------------+-----
Stealth        | 6 7 8 9 11 12 | 12.1
Dodging        | 2 3 4 5 6 |  6.4
Fighting       | |  1.5
Short Blades   | |  2.1
Throwing       | |  2.0

Action                     |  1- 3 |  4- 6 |  7- 9 || total
---------------------------+-------+-------+-------++-------
  Melee: Dagger            |   102 |   148 |    95 ||   345
         Punch             |       |     1 |     1 ||     2
  Throw: Dart              |       |    21 |    16 ||    37
  Evoke: Wand              |       |       |     1 ||     1
    Use: Scroll            |     8 |     3 |       ||    11
         Potion            |       |     2 |       ||     2
   Stab: Sleeping          |    12 |    20 |     3 ||    35
         Petrified         |       |     1 |       ||     1
         Paralysed         |       |       |     1 ||     1
 Armour: Robe              |    26 |    44 |    44 ||   114
  Dodge: Dodged            |    71 |    90 |    98 ||   259

Table legend: (Time is in decaauts)
 A = Elapsed time spent in this place.
 B = Non-inter-level travel time spent in this place.
 C = Inter-level travel time spent in this place.
 D = Time resting spent in this place.
 E = Time spent auto-exploring this place.
 F = Levels seen in this place.
 G = Mean time per level.
                   A        B        C        D        E       F      G
               +--------+--------+--------+--------+--------+-----+--------+
         Total |   2443 |   2398 |     45 |    117 |   1268 |   8 |  305.4 |
       Dungeon |   2401 |   2356 |     45 |    117 |   1252 |   7 |  343.0 |
        Temple |     42 |     42 |      0 |      0 |     16 |   1 |   42.0 |
               +--------+--------+--------+--------+--------+-----+--------+

Top non-repeatable levels by time:
     D:1: 673 daAuts
     D:4: 549 daAuts
     D:2: 441 daAuts
     D:3: 345 daAuts
     D:5: 211 daAuts
     D:7: 128 daAuts
     D:6: 51 daAuts
  Temple: 42 daAuts
